AoeStats
← C a b a l l e r o

Arabia

510649883Analyzed
1v1 RM · 9h ago on Oct 2, 2026· 26m 32s· 2 players
Game mode
Random Map
Map size
Tiny (2 player)
Population
200
Speed
Normal
Resources
Standard
Victory
Conquest
Starting age
Dark Age
Ending age
Imperial Age
RankedLock teamsTeams togetherTeam positionsShared explorationLock speedFull tech treeHidden civsTurbo modeCheats
Victory
Defeat
🇲🇽 Japanese · Mexico
1138
+16
🇧🇷 Portuguese · Brazil
1141
-16
[CRX] Darius
0:42 Loom
7:59 Loom
10:11 Feudal Age
10:32 Man-at-Arms
11:57 Double-Bit Axe
26:36 Horse Collar
C a b a l l e r o
0:26 Loom
9:48 Feudal Age
Connection lost

Rejoining the realm…

Still unreachable

The connection could not be restored.

Session expired

The server has moved on; the page needs a fresh start.